 Dungeon Crawl Stone Soup version 0.25-a0-949-gdd2af9e06e (webtiles) character file.

Game seed: 11777609774944832018, levelgen mode: deterministic

2085 Flugslaktarn the Cleaver (level 9, -2/79 HPs)
             Began as a Minotaur Fighter on May 9, 2020.
             Slain by an orc warrior
             ... wielding a +0 halberd
              (5 damage)
             ... on level 6 of the Dungeon.
             The game lasted 00:03:11 (6073 turns).

Flugslaktarn the Cleaver (Minotaur Fighter)         Turns: 6073, Time: 00:03:11

Health: -2/79      AC: 12    Str: 22    XL:     9   Next: 6%
Magic:  8/8        EV:  8    Int:  5    God:
Gold:   389        SH: 12    Dex: 12    Spells: 8/8 levels left

rFire    . . .     SeeInvis .   a - +0 war axe
rCold    . . .     Gourm    .   c - +1 kite shield
rNeg     . . .     Faith    .   b - +0 scale mail
rPois    .         Spirit   .   (helmet restricted)
rElec    .         Reflect  .   z - +1 cloak
rCorr    .         Harm     .   (no gloves)
MR       .....                  k - +1 pair of boots
Stlth    ..........             (no amulet)
HPRegen  0.23/turn              (no ring)
MPRegen  0.11/turn              (no ring)

@: brilliant, marked, flying
A: retaliatory headbutt, horns 2
a: no special abilities


You were on level 6 of the Dungeon.
You were not hungry.

You visited 1 branch of the dungeon, and saw 6 of its levels.
You also visited: Sewer.

You collected 389 gold pieces.

Inventory:

Hand Weapons
 a - a +0 war axe (weapon)
Armour
 b - a +0 scale mail (worn)
 c - a +1 kite shield (worn)
 k - a +1 pair of boots (worn)
   (You found it on level 4 of the Dungeon)
 z - a +1 cloak (worn)
   (You found it on level 5 of the Dungeon)
Jewellery
 f - a +2 ring of evasion {unknown}
   (You found it on level 4 of the Dungeon)
 q - an uncursed ring of magical power {unknown}
   (You found it on level 5 of the Dungeon)
Wands
 g - a wand of scattershot (6)
   (You found it on level 4 of the Dungeon)
Scrolls
 i - a scroll of fear
 o - 2 scrolls of immolation
 r - a scroll of identify
 s - a scroll of enchant armour
 t - 2 scrolls of teleportation
 u - a scroll of fog
 w - a scroll of magic mapping
 x - 4 scrolls of remove curse
 y - a scroll of enchant weapon {unknown}
Potions
 d - a potion of might
 h - a potion of haste
 j - 2 potions of ambrosia
 l - a potion of cancellation {unknown}
 m - a potion of lignification {unknown}
 n - a potion of resistance
 p - 2 potions of brilliance
Comestibles
 e - 12 rations
 v - 2 chunks of flesh


   Skills:
 + Level 7.2 Fighting
 * Level 9.4 Axes
 + Level 7.3 Armour
 + Level 7.3 Shields


You had 8 spell levels left.
You didn't know any spells.
Your spell library was empty.

Dungeon Overview and Level Annotations

Branches:
Dungeon (6/15)              Sewer (visited)
 Temple: D:4-7

Altars:
Wu Jian
Xom

Annotations:
D:4 2 transporters, Flugslaktarn's ghost, amateur FoFi


Innate Abilities, Weirdness & Mutations

You reflexively headbutt those who attack you in melee.
You have a pair of horns on your head.


Message History

You feel less confused.
The bullfrog hits you but does no damage.
The orc wizard gestures at you while chanting.
The magic dart hits you!
* * * LOW HITPOINT WARNING * * *
The bullfrog hits you.
* * * LOW HITPOINT WARNING * * *
There is an open door, spattered with blood here.
A bullfrog comes into view.
You block the bullfrog's attack.
It was a potion of brilliance.
You feel clever all of a sudden. You block the orc warrior's attack.
The bullfrog closely misses you.
Unknown command.
It was a potion of flight.
You feel very buoyant.
You fly up into the air.
The bullfrog hits you.
* * * LOW HITPOINT WARNING * * *
The orc warrior hits you from afar with a +0 halberd.
You die...

#.........###.....#.##
+....>....'.....#.....
#.........###..###..##
#.......## #.## ##.#
##.....## #..###..#
...#Fo.## #.#.#.#.#
##o## #.......# #F#
####.#### #@# #.# #.#
#.# ..$ #.# ..... ..#
##...## ### ##.## #.#
#.#


You could see an orc warrior, 2 bullfrogs and an orc wizard.

Vanquished Creatures
  Sigmund (D:3)
  Edmund (D:4)
  Duvessa (D:5)
  An ice beast (D:5)
  A sky beast (D:5)
  A black bear (D:6)
  A phantom (D:4)
  An ogre (D:5)
  A bullfrog (D:6)
  Dowan (D:5)
  4 wights (D:6)
  3 hounds
  A bullfrog zombie (D:6)
  6 orc priests
  9 orc wizards
  Jessica (D:2)
  2 iguanas (D:4)
  2 worker ants
  Robin (D:2)
  3 gnolls (D:3)
  5 adders
  A river rat (D:3)
  A shadow imp (D:2)
  7 oozes
  5 worms
  2 dart slugs
  6 leopard geckos
  20 orcs
  10 giant cockroaches
  10 goblins
  7 hobgoblins
  16 jackals
  2 quokkas
  3 ball pythons
  4 bats
  9 frilled lizards
  2 kobolds
  A leopard gecko skeleton (D:5)
  9 rats
162 creatures vanquished.

Vanquished Creatures (others)
  A sky beast (D:5)
  3 toadstools (D:4)
4 creatures vanquished.

Grand Total: 166 creatures vanquished

Notes
Turn   | Place    | Note
-------+----------+-------------------------------------------
     0 | D:1      | Flugslaktarn the Minotaur Fighter began the quest for the
                  | Orb.
     0 | D:1      | Reached XP level 1. HP: 19/19 MP: 0/0
   181 | D:1      | Reached XP level 2. HP: 27/27 MP: 1/1
   190 | D:1      | Reached skill level 3 in Axes
   717 | D:2      | Reached XP level 3. HP: 33/33 MP: 2/2
  1275 | D:2      | Noticed Jessica
  1285 | D:2      | Killed Jessica
  1285 | D:2      | Reached skill level 4 in Axes
  1285 | D:2      | Reached XP level 4. HP: 26/40 MP: 3/3
  1671 | D:2      | Noticed Robin
  1683 | D:2      | Killed Robin
  2014 | D:2      | Reached XP level 5. HP: 29/47 MP: 4/4
  2306 | D:3      | Found a glowing drain.
  2310 | Sewer    | Entered a sewer
  2317 | Sewer    | Reached skill level 5 in Axes
  2536 | D:3      | Reached XP level 6. HP: 43/55 MP: 5/5
  2786 | D:3      | Reached skill level 5 in Shields
  2941 | D:3      | Noticed Sigmund
  2956 | D:3      | Killed Sigmund
  2956 | D:3      | Reached skill level 5 in Fighting
  2956 | D:3      | Reached skill level 6 in Axes
  2956 | D:3      | Reached skill level 5 in Armour
  3216 | D:4      | Found a transporter.
  3223 | D:4      | Noticed Flugslaktarn's ghost (amateur FoFi)
  3237 | D:4      | Reached XP level 7. HP: 61/61 MP: 6/6
  3387 | D:4      | Found a transporter.
  3408 | D:4      | Found an ornate altar of the Wu Jian Council.
  3581 | D:4      | HP: 1/61 [orc wizard/magic dart (7)]
  3895 | D:4      | Reached skill level 7 in Axes
  4111 | D:4      | Noticed Edmund
  4127 | D:4      | Killed Edmund
  4142 | D:4      | Found a shimmering altar of Xom.
  4163 | D:4      | Reached XP level 8. HP: 70/70 MP: 7/7
  4422 | D:5      | Entered Level 5 of the Dungeon
  4424 | D:5      | Noticed Dowan
  4424 | D:5      | Noticed Duvessa
  4822 | D:5      | Killed Duvessa
  4822 | D:5      | Reached skill level 8 in Axes
  4826 | D:5      | Killed Dowan
  5699 | D:6      | Reached skill level 9 in Axes
  5999 | D:6      | Reached XP level 9. HP: 76/79 MP: 8/8
  6069 | D:6      | HP: 3/79 [bullfrog (6)]
  6073 | D:6      | Slain by an orc warrior

Levels and vault maps discovered:
D:1:      minmay_arrival_three_doors, layout_basic
D:2:      layout_basic, uniq_robin, uniq_jessica
D:3:      layout_loops_ring, gup_sewer_entry_bowl, first_ration, uniq_sigmund
D:4:      layout_loops_ring, lemuel_crystal_altar, gammafunk_ghost_arena,
          minmay_gold_behind_fungi, xom_teletrap_fun, uniq_edmund
D:5:      layout_gridville, chequers_arboretum, uniq_duvessa
D:6:      minmay_octagon_keep, layout_loops_corners

Skill      XL: |  1  2  3  4  5  6  7  8 |
---------------+-------------------------+-----
Axes           | 3 4 5 6 7 9 |  9.4
Shields        | 4 5 6 7 |  7.3
Fighting       | 4 5 6 7 |  7.2
Armour         | 4 5 6 7 |  7.3

Action                   |  1- 3 |  4- 6 |  7- 9 || total
-------------------------+-------+-------+-------++-------
Melee: War axe           |    83 |   179 |   212 ||   474
       Headbutt          |     8 |    22 |    58 ||    88
  Use: Scroll            |       |    12 |     1 ||    13
       Potion            |       |       |     5 ||     5
  Eat: Chunk             |     1 |     7 |     9 ||    17
Armor: Scale mail        |    35 |    53 |    87 ||   175
Dodge: Dodged            |    41 |    40 |    52 ||   133
Block: Kite shield       |    47 |    80 |   138 ||   265

Table legend:
 A = Non-vault XP
 B = Vault XP
 C = Vault XP percentage of total XP
 D = Non-vault monster count
 E = Vault monster count
 F = Vault count percentage of total count
                 A         B        C        D         E       F
            +---------+---------+-------+---------+---------+-------
      Total |    2222 |     757 |  25.4 |     131 |      32 |  19.6
            +---------+---------+-------+---------+---------+-------
        D:1 |      25 |       0 |   0.0 |      14 |       0 |   0.0
        D:2 |     122 |      66 |  35.1 |      27 |       9 |  25.0
        D:3 |     175 |     247 |  58.5 |      28 |       5 |  15.2
        D:4 |     626 |     169 |  21.3 |      28 |       1 |   3.4
        D:5 |     667 |     222 |  25.0 |      20 |       2 |   9.1
        D:6 |     607 |       0 |   0.0 |      14 |       0 |   0.0
      Sewer |       0 |      53 | 100.0 |       0 |      15 | 100.0
            +---------+---------+-------+---------+---------+-------
